 Dungeon Crawl Stone Soup version 0.30-a0-956-gcec3b41aec (webtiles) character file.

Game seed: 12980231722087732499

4273 Ahpoh the Carver (level 10, -7/61 HPs)
             Began as a Gargoyle Gladiator on Mar 29, 2023.
             Was a Believer of Okawaru.
             Mangled by an orc warrior
             ... wielding a +0 glaive
              (13 damage)
             ... in a bailey.
             The game lasted 00:43:52 (9750 turns).

Ahpoh the Carver (Gargoyle Gladiator)               Turns: 9750, Time: 00:43:52

Health: -7/61      AC: 24    Str: 19    XL:     10   Next: 31%
Magic:  10/10      EV:  7    Int:  8    God:    Okawaru [**....]
Gold:   637        SH:  0    Dex: 15    Spells: 9/9 levels left

rFire   . . .      SeeInvis .    a - +2 long sword
rCold   . . .      Faith    .    (no shield)
rNeg    + . .      Spirit   .    E - +0 plate armour
rPois   ∞          Reflect  .    c - +0 helmet
rElec   +          Rampage  .    (no cloak)
rCorr   .                        H - +0 pair of gloves
Will    .....                    A - +0 pair of boots Stlth
                                 (no amulet)
HPRegen 0.30/turn                (no ring)
MPRegen 0.12/turn                (no ring)

@: no status effects
A: sickness immunity, AC +7, negative energy resistance 1, electricity
resistance, torment resistance 1, petrification resistance
a: Renounce Religion, Heroism


You were in a bailey.
You worshipped Okawaru.
Okawaru was pleased with you.
You visited 2 branches of the dungeon, and saw 10 of its levels.
You also visited: Bailey.

You collected 637 gold pieces.

Inventory:

Hand Weapons
 a - a +2 long sword (weapon)
 f - a +2 scimitar of flaming
Missiles
 d - a throwing net
 e - a javelin (quivered)
 p - 3 silver boomerangs
Armour
 c - a +0 helmet (worn)
 i - a +0 chain mail
 n - a +0 scale mail
 s - the +2 robe "Imuph" {-Cast rN+ rCorr Stlth+}
   (You found it on level 4 of the Dungeon)

   rN:        It protects you from negative energy.
   -Cast:     It prevents spellcasting.
   rCorr:     It protects you from acid and corrosion.
   Stlth:     It makes you more stealthy.
 A - a +0 pair of boots (worn)
 E - a +0 plate armour (worn)
 H - a +0 pair of gloves (worn)
Jewellery
 v - an amulet of the acrobat
 F - a +6 ring of intelligence
Wands
 y - a wand of digging (2)
Scrolls
 g - 6 scrolls of teleportation
 k - 3 scrolls of torment
 m - 5 scrolls of fog
 o - 3 scrolls of blinking
 t - 2 scrolls of immolation
 B - 2 scrolls of poison {unknown}
 C - a scroll of amnesia {unknown}
 D - a scroll of silence {unknown}
 G - 4 scrolls of enchant armour
Potions
 h - a potion of cancellation {unknown}
 j - 4 potions of haste
 l - 3 potions of lignification
 q - 2 potions of flight
 r - 2 potions of might
 u - 3 potions of magic
 w - 2 potions of attraction {unknown}
 x - a potion of brilliance {unknown}
 z - a potion of ambrosia {unknown}
 I - a potion of mutation {unknown}


   Skills:
 + Level 6.9 Fighting
 + Level 9.9 Long Blades
 + Level 2.4 Throwing
 + Level 7.5 Armour
 + Level 4.3 Dodging
 + Level 1.6 Stealth


You had 9 spell levels left.
You didn't know any spells.
Your spell library contained the following spells:

 Spells                   Type           Power      Damage    Failure   Level
 Magic Dart               Conj           0%         1d3       100%        1
 Searing Ray              Conj           0%         2d4       100%        2
 Wereblood                Tmut           0%         N/A       100%        2
 Ozocubu's Armour         Ice            0%         N/A       100%        3
 Fulminant Prism          Conj/Hex       0%         3d5       100%        4
 Blade Hands              Tmut           0%         N/A       100%        5
 Irradiate                Conj/Tmut      0%         3d11      100%        5
 Metabolic Englaciation   Hex/Ice        0%         N/A       100%        5
 Dragon Form              Tmut           0%         N/A       100%        7
 Sublimation of Blood     Necr           Unusable   N/A       N/A         2
 Simulacrum               Ice/Necr       Unusable   N/A       N/A         6
 Summon Hydra             Summ           Unusable   N/A       N/A         7

Dungeon Overview and Level Annotations

Branches:
Dungeon (9/15)             Temple (1/1) D:6            Lair (0/5) D:8
 Bailey (1/1)
    Orc: D:9-12

Altars:
Ashenzari
Cheibriados
Dithmenos
Elyvilon
Fedhas
Gozag
Hepliaklqana
Kikubaaqudgha
Makhleb
Nemelex Xobeh
Okawaru
Qazlal
Ru
Sif Muna
Trog
Uskayaw
Vehumet
Wu Jian
Xom
Yredelemnul
Zin
The Shining One

Shops:
D:2 (   D:8 ?


Innate Abilities, Weirdness & Mutations

You are immune to sickness and miasma.
Your stone body is resilient. (AC +7)
You are immune to poison.
You resist negative energy. (rN+)
You are resistant to electric shocks. (rElec)
You are resistant to unholy torment.
You are immune to petrification.


Message History

The orc warrior is heavily wounded.
An orc warrior comes into view. It is wielding a +0 halberd.
The orc warrior hits you but does no damage.
You closely miss the orc warrior.
The orc warrior is heavily wounded.
The orc warrior barely misses you.
You barely miss the orc warrior.
The orc warrior is heavily wounded.
The orc warrior closely misses you.
You hit the orc warrior but do no damage.
The orc warrior is heavily wounded.
The orc warrior hits you with a +0 glaive.
You hit the orc warrior but do no damage.
The orc warrior is heavily wounded.
The orc warrior hits you but does no damage.
The orc warrior completely misses you.
The orc warrior attacks as you move away!
The orc warrior closely misses you.
The orc warrior hits you but does no damage. x2
There is an open gate here.
You barely miss the orc warrior. You barely miss the orc warrior.
The orc warrior hits you with a +0 halberd.
The orc warrior hits you from afar with a +0 glaive!
You closely miss the orc warrior.
The orc warrior hits you with a +0 halberd.
* * * LOW HITPOINT WARNING * * *
The orc warrior hits you from afar with a +0 glaive.
* * * LOW HITPOINT WARNING * * *
You hit the orc warrior.
The orc warrior is moderately wounded.
The orc warrior barely misses you.
The orc warrior hits you from afar with a +0 glaive.
* * * LOW HITPOINT WARNING * * *
You closely miss the orc warrior.
The orc warrior is moderately wounded.
The orc warrior hits you with a +0 halberd.
* * * LOW HITPOINT WARNING * * *
The orc warrior hits you from afar with a +0 glaive!
You die...

### ####### ##### ..##
##.....#########....o
...######.......#.....#.....o
...#...)#..##...'.....'..#...
...'....)).8.)..'.....'.....o
...#....#).##...@o....'..#...
...######)...)o.#.....#......
..## ##.....#########.....
### ####### #####


You could see 2 orc warriors.

Vanquished Creatures
  Erica (D:8)
  A vampire (D:8)
  Sigmund (D:5)
  2 wyverns
  2 water moccasins (D:7)
  An acid dragon (D:9)
  5 orc warriors
  Duvessa (D:5)
  A black bear (D:7)
  2 ice beasts
  2 centaurs
  A bullfrog (D:8)
  4 scorpions
  3 kobold brigands
  Dowan (D:5)
  3 wights (D:9)
  3 howler monkeys
  4 orc priests
  A jelly (D:4)
  5 hounds
  A sleepcap (D:5)
  Terence (D:2)
  2 iguanas (D:4)
  5 orc wizards
  17 adders
  4 white imps
  An ufetubus (D:4)
  3 worms
  4 dart slugs
  40 orcs
  5 ball pythons
  5 endoplasms
  3 giant cockroaches
  7 goblins
  9 hobgoblins
  8 jackals
  42 kobolds
  5 quokkas
  4 bats
  A frilled lizard (D:2)
  8 rats
219 creatures vanquished.

Vanquished Creatures (others)
  2 kobolds (D:9)
  26 plants (D:5)
28 creatures vanquished.

Grand Total: 247 creatures vanquished

Notes
Turn   | Place    | Note
-------+----------+-------------------------------------------
     0 | D:1      | Ahpoh the Gargoyle Gladiator began the quest for the Orb.
     0 | D:1      | Reached XP level 1. HP: 12/12 MP: 1/1
   244 | D:1      | Reached skill level 3 in Long Blades
   244 | D:1      | Reached XP level 2. HP: 17/17 MP: 2/2
   607 | D:2      | Noticed Terence
   625 | D:2      | Killed Terence
   626 | D:2      | Reached XP level 3. HP: 9/22 MP: 3/3
   631 | D:2      | Found Qeuthruh's Weapon Boutique.
   722 | D:2      | Reached skill level 1 in Armour
   722 | D:2      | Reached XP level 4. HP: 26/27 MP: 4/4
  1257 | D:3      | Found a faded altar of an unknown god.
  1336 | D:3      | Reached XP level 5. HP: 31/31 MP: 5/5
  1412 | D:3      | Reached skill level 4 in Long Blades
  1910 | D:3      | Found a sparkling altar of Nemelex Xobeh.
  2126 | D:4      | Identified the +2 robe "Imuph" {-Cast rN+ rCorr Stlth+}
  2336 | D:4      | Reached XP level 6. HP: 32/36 MP: 6/6
  2458 | D:4      | Reached skill level 5 in Long Blades
  2901 | D:4      | Reached XP level 7. HP: 27/41 MP: 7/7
  3280 | D:5      | Entered Level 5 of the Dungeon
  3399 | D:5      | Noticed Duvessa
  3399 | D:5      | Noticed Dowan
  3453 | D:5      | Killed Duvessa
  3454 | D:5      | Reached skill level 6 in Long Blades
  3667 | D:5      | Killed Dowan
  3768 | D:5      | Noticed Sigmund
  3931 | D:5      | Killed Sigmund
  3932 | D:5      | Reached XP level 8. HP: 41/48 MP: 8/8
  4081 | D:5      | Reached skill level 1 in Stealth
  4519 | D:5      | Reached skill level 5 in Armour
  5838 | D:6      | Found a staircase to the Ecumenical Temple.
  5884 | Temple   | Entered the Ecumenical Temple
  6417 | Temple   | Became a worshipper of Warmaster Okawaru
  6683 | D:7      | Reached skill level 7 in Long Blades
  6750 | D:7      | Reached skill level 5 in Fighting
  6833 | D:7      | Reached XP level 9. HP: 46/54 MP: 9/9
  7806 | D:8      | Reached * piety under Okawaru
  7827 | D:7      | Reached skill level 8 in Long Blades
  7881 | D:8      | Found Surog's Magic Scroll Shop.
  8174 | D:8      | Noticed Erica
  8214 | D:8      | Killed Erica
  8214 | D:8      | Reached ** piety under Okawaru
  8215 | D:8      | Reached skill level 9 in Long Blades
  8632 | D:8      | Found a staircase to the Lair.
  8643 | D:8      | Reached XP level 10. HP: 55/60 MP: 10/10
  9106 | D:9      | Reached *** piety under Okawaru
  9207 | D:9      | Found a flagged portal.
  9213 | Bailey   | Entered a bailey
  9663 | Bailey   | HP: 3/61 [orc warrior/+0 halberd (12)]
  9750 | Bailey   | Mangled by an orc warrior

Illustrated notes

Levels and vault maps discovered:
D:1:      nicolae_arrival_washed_ashore, layout_rooms
D:2:      layout_rooms, serial_rivers, chequers_serial_rivers_micro_d,
          chequers_serial_rivers_micro_d, chequers_serial_rivers_room_b,
          chequers_serial_rivers_large_b, chequers_serial_rivers_micro_b,
          serial_shops, nicolae_shop_bloodbath_and_beyond, uniq_terence
D:3:      layout_loops_ring, nicolae_overflow_hidden_temple,
          basic_ecumenical_altar, grunt_ministairs_1
D:4:      minmay_opposing_rooms, layout_basic, serial_bayou_pond_e,
          minmay_liquid_box
D:5:      kennysheep_kobold_camp, layout_rooms, kennysheep_potato, uniq_duvessa,
          uniq_sigmund
D:6:      layout_rooms, minmay_temple_entry_glass
D:7:      layout_loops_corners, nrook_mini_vaults
D:8:      layout_loops_ring, lair_entry_dummy, serial_shops, shop_statue,
          uniq_erica
D:9:      layout_grid_maze, enter_bailey_4
Temple:   compressed_dpeg_triangle_lava_temple
Bailey:   bailey_polearm_5, bailey

Skill      XL: |  1  2  3  4  5  6  7  8  9 10 |
---------------+-------------------------------+-----
Long Blades    | 3 4 5 6 7 9 |  9.9
Armour         | 1 2 4 5 6 7 |  7.5
Dodging        | 3 4 |  4.3
Fighting       | 3 4 5 6 |  6.9
Throwing       | 2 |  2.4
Stealth        | 1 |  1.6

Action                     |  1- 3 |  4- 6 |  7- 9 | 10-12 || total
---------------------------+-------+-------+-------+-------++-------
  Melee: Long sword        |   106 |   294 |   548 |   154 ||  1102
         Punch             |       |     3 |     7 |       ||    10
         Scimitar          |       |       |    23 |    21 ||    44
  Throw: Throwing net      |     1 |       |     5 |       ||     6
 Invoke: Heroism           |       |       |       |     3 ||     3
    Use: Scroll            |       |       |     9 |     1 ||    10
         Potion            |       |       |     6 |     2 ||     8
   Stab: Held in net/web   |       |       |     1 |       ||     1
 Armour: Ring mail         |    67 |    26 |       |       ||    93
         Scale mail        |       |   156 |   147 |       ||   303
         Chain mail        |       |       |   135 |       ||   135
         Skin              |       |       |    36 |       ||    36
         Plate armour      |       |       |    90 |   202 ||   292
  Dodge: Dodged            |    90 |   204 |   259 |   145 ||   698

Table legend: (Time is in decaauts)
 A = Elapsed time spent in this place.
 B = Non-inter-level travel time spent in this place.
 C = Inter-level travel time spent in this place.
 D = Time resting spent in this place.
 E = Time spent auto-exploring this place.
 F = Levels seen in this place.
 G = Mean time per level.
                   A        B        C        D        E       F      G
               +--------+--------+--------+--------+--------+-----+--------+
         Total |   9892 |   9501 |    391 |   1228 |   4600 |  11 |  899.3 |
       Dungeon |   8807 |   8416 |    391 |    926 |   4323 |   9 |  978.6 |
        Temple |    560 |    560 |      0 |      0 |    277 |   1 |  560.0 |
        Bailey |    524 |    524 |      0 |    302 |      0 |   1 |  524.0 |
               +--------+--------+--------+--------+--------+-----+--------+

Top non-repeatable levels by time:
     D:4: 1720 daAuts
     D:5: 1598 daAuts
     D:8: 1184 daAuts
     D:7: 1129 daAuts
     D:2: 781 daAuts
     D:6: 780 daAuts
     D:3: 723 daAuts
     D:1: 657 daAuts
  Temple: 560 daAuts
  Bailey: 524 daAuts
     D:9: 232 daAuts
